 Dungeon Crawl Stone Soup version 0.31.0-12-g77e489cdc1 (webtiles) character file.

Game seed: 17889787986676846103

6805 Gadfly the Covert (level 10, 0/76 HPs)
             Began as a Spriggan Enchanter on Feb 19, 2024.
             Was an Initiate of Gozag.
             Slain by a kobold
             ... wielding a +0 short sword
              (3 damage)
             ... on level 9 of the Dungeon.
             The game lasted 00:18:56 (9532 turns).

Gadfly the Covert (Spriggan Enchanter)              Turns: 9532, Time: 00:18:58

Health: 0/76       AC: 25    Str:  4    XL:     10   Next: 77%
Magic:  19/22      EV:  4    Int: 18    God:    Gozag
Gold:   621        SH:  0    Dex: 19    Spells: 10/24 levels left

rFire   . . .        a - +2 dagger
rCold   . . .        G - orb {guile}
rNeg    . . .        n - melded +2 robe of Atodot {Int+3}
rPois   +            (helmet currently unavailable)
rElec   .            e - melded +1 cloak
rCorr   +            (gloves unavailable)
SInv    +            (boots unavailable)
Will    .....        y - amulet of magic regeneration
Stlth   +++++        w - +4 ring of slaying
HPRegen 0.32/turn    E - ring of resist corrosion
MPRegen 0.58/turn

%: no passive effects
@: lethally poisoned (0 -> -4), tree-form, gold aura, slowed, very slow
A: stationary, stasis, torment immunity, boosted hp, very small, no large
weapons, unfitting armour, see invisible, (speed 3)
a: Renounce Religion, Potion Petition, Call Merchant, Bribe Branch


You were on level 9 of the Dungeon.
You worshipped Gozag.
Gozag was pleased with you.
You were a tree.
You visited 2 branches of the dungeon, and saw 10 of its levels.

You collected 1346 gold pieces.
You spent 648 gold pieces at shops.
You paid 77 gold pieces to Gozag.

Inventory:

Hand Weapons
 a - a +2 dagger (weapon)
 b - a +0 dagger of flaming
 o - a +1 war axe of flaming
 I - a +2 scimitar of flaming
Missiles
 r - a throwing net
Armour
 e - a +1 cloak (melded)
 n - the +2 robe of Atodot (melded) {Int+3}
   (You bought it in a shop on level 2 of the Dungeon)

   Int+3:     It affects your intelligence (+3).
 G - an orb of guile (worn)
Jewellery
 g - an amulet of regeneration
 h - a ring of flight
 m - a ring of willpower
 w - a +4 ring of slaying (left branch)
 y - an amulet of magic regeneration (around neck)
 E - a ring of resist corrosion (right branch)
 K - a ring of protection from fire
Wands
 u - a wand of iceblast (15)
 x - a wand of paralysis (8)
Scrolls
 d - 3 scrolls of summoning
 i - a scroll of enchant armour
 p - 5 scrolls of teleportation
 q - 2 scrolls of silence
 t - 4 scrolls of fog
 z - 3 scrolls of amnesia
 B - 5 scrolls of identify
 C - 3 scrolls of blinking
 D - a scroll of poison
 F - 3 scrolls of revelation
 L - a scroll of vulnerability {unknown}
Potions
 c - 3 potions of invisibility
 f - a potion of might
 j - a potion of haste
 k - a potion of magic
 l - a potion of resistance
 s - a potion of lignification
 v - a potion of berserk rage
 A - 2 potions of mutation
Miscellaneous
 H - a lightning rod (4/4)


   Skills:
 + Level 5.2 Fighting
 + Level 7.1 Short Blades
 + Level 8.5 Dodging
 + Level 10.5 Stealth
 + Level 7.9 Spellcasting
 + Level 8.3 Hexes
 + Level 7.9 Evocations


You had 10 spell levels left.
You knew the following spells:

 Your Spells              Type           Power      Damage    Failure   Level
a - Ensorcelled Hibernat  Hex/Ice        44%        N/A       2%          2
b - Confusing Touch       Hex            37%        N/A       1%          3
c - Yara's Violent Unrav  Hex/Alch       11%        3d6       45%         5
d - Cause Fear            Hex            18%        N/A       3%          4

Your spell library contained the following spells:

 Spells                   Type           Power      Damage    Failure   Level
 Slow                     Hex            100%       N/A       1%          1
 Jinxbite                 Hex            74%        N/A       1%          2
 Sigil of Binding         Hex            37%        N/A       1%          3
 Tukima's Dance           Hex            37%        N/A       1%          3
 Dazzling Flash           Conj/Hex       44%        N/A       5%          3
 Shock                    Conj/Air       28%        1d4       10%         1
 Anguish                  Hex/Necr       11%        N/A       19%         4
 Dimensional Bullseye     Hex/Tloc       11%        N/A       19%         4
 Fugue of the Fallen      Necr           7%         N/A       30%         3
 Mephitic Cloud           Conj/Alch/Air  7%         N/A       30%         3
 Swiftness                Air            7%         N/A       30%         3
 Metabolic Englaciation   Hex/Ice        11%        N/A       45%         5
 Silence                  Hex/Air        11%        N/A       45%         5
 Airstrike                Air            3%         2d(1-17)  69%         4
 Passage of Golubria      Tloc           7%         N/A       69%         4
 Curse of Agony           Necr           7%         N/A       95%         5


Dungeon Overview and Level Annotations

Branches:
Dungeon (9/15)             Temple (1/1) D:4
   Lair: D:8-11         Orc: D:9-12

Altars:
Ashenzari
Cheibriados
Dithmenos
Elyvilon
Fedhas
Gozag
Hepliaklqana
Kikubaaqudgha
Makhleb
Nemelex Xobeh
Okawaru
Qazlal
Ru
Sif Muna
Trog
Uskayaw
Vehumet
Wu Jian
Xom
Yredelemnul
Zin
The Shining One

Shops:
D:1 [   D:2 [   D:5 =   D:6 :   D:7 *

Annotations:
D:9 Gastronok


Innate Abilities, Weirdness & Mutations

You are a tree.
Your roots penetrate the ground, keeping you stationary.
You cannot be teleported.
You are immune to unholy pain and torment.
Your maximum health is greatly increased.
Your equipment is partially melded.
You are very small and have problems with some larger weapons.
You are too small for most types of armour.
You have supernaturally acute eyesight. (SInv)
((You cover ground extremely quickly. (Speed+++)))


Message History

* * * LOW HITPOINT WARNING * * *
You are poisoned.
Casting: Ensorcelled Hibernation (safe; 2% risk of failure)
Confirm with . or Enter, or press ? or * to list all spells.
Aiming: Ensorcelled Hibernation (safe; 2% risk of failure)
Press: ? - help, Shift-Dir - straight line, f/p - kobold
Aim: a kobold, wielding a +2 whip of venom and quivering stones (chance to affect: 73%)
The kobold struggles to resist.
You feel very sick. The kobold closely misses you.
Casting: Ensorcelled Hibernation (safe; 2% risk of failure)
Confirm with . or Enter, or press ? or * to list all spells.
Aiming: Ensorcelled Hibernation (safe; 2% risk of failure)
Press: ? - help, Shift-Dir - straight line, f - kobold brigand
Aim: a kobold brigand, wielding a +0 whip and quivering curare-tipped darts (chance to affect: 73%)
The kobold brigand looks drowsy...
You feel sick.
Unknown command.
The helpless kobold brigand fails to defend itself.
You spit the kobold brigand like a pig!!!!
You kill the kobold brigand!
You feel sick.
Casting: Ensorcelled Hibernation (safe; 2% risk of failure)
Confirm with . or Enter, or press ? or * to list all spells.
Aiming: Ensorcelled Hibernation (safe; 2% risk of failure)
Press: ? - help, Shift-Dir - straight line, f - kobold
Aim: a kobold, wielding a +2 whip of venom and quivering stones (chance to affect: 73%)
The kobold struggles to resist.
You feel sick. The kobold hits you but does no damage.
You are lethally poisoned!
The kobold completely misses you.
* * * LOW HITPOINT WARNING * * *
You feel sick.
The kobold throws a stone.
The stone closely misses you.
You turn into a tree.
Your +1 cloak melds into your body.
The +2 robe of Atodot {Int+3} melds into your body.
Your roots penetrate the ground.
* * * LOW HITPOINT WARNING * * *
You feel sick.
The kobold hits you with a +0 short sword.
You die...
Your body crumbles into a pile of gold.

#..###'### ....... #..##...K.##
..?.KK ###..##....#..## ....# ..
###.#.##..#..##..##....# ....
#####.....#..##.K###K.#....# ....
...#......#.###.#.....#....#.....
......##..'...K###....'K...K.....
.....##...#...KK#)###.#K.......#.
#.........#..###♣.##..#........##
#...###'####..##..#..##.....#...#
#..##.#.#.###..#....# .....###..
..##. .....###.....## ....###...
.##.###.###.###.....###....##....
.#..#)#.#)#..####.....##.........
.##.##...##.#.##...#...##..#.....
.'.....⌠......#..##.##..##.##....
.##.##...##.#...##...##[.#...$...


You could see 4 kobolds.

Vanquished Creatures
  A hydra (D:9)
  A cyclops (D:9)
  A meliai (D:9)
  Jeremiah (D:7)
  An efreet (D:9)
  A freezing wraith (D:8)
  Grinder (D:5)
  A hornet (D:9)
  A wyvern (D:9)
  10 yaks
  Menkaure (D:4)
  A water moccasin (D:8)
  2 black bears
  An orc warrior (D:6)
  An ice beast (D:5)
  A centaur (D:9)
  3 ogres
  A phantom (D:5)
  Blork the orc (D:4)
  A kobold brigand (D:9)
  A bullfrog (D:8)
  2 scorpions (D:5)
  4 wights
  17 killer bees
  2 howler monkeys
  3 orc priests
  2 bombardier beetles
  A gnoll bouda (D:3)
  3 jellies
  A sleepcap (D:4)
  An iguana (D:6)
  4 orc wizards
  11 adders
  6 gnolls
  A white imp (D:8)
  3 dart slugs
  2 ribbon worms (D:4)
  30 orcs
  10 ball pythons
  5 endoplasms
  3 goblins
  6 hobgoblins
  A jackal (D:4)
  4 quokkas
  8 bats
  2 frilled lizards
  11 kobolds
  6 rats
182 creatures vanquished.

Vanquished Creatures (others)
  A yak (D:9)
1 creature vanquished.

Grand Total: 183 creatures vanquished

Notes
Turn   | Place    | Note
-------+----------+-------------------------------------------
     0 | D:1      | Gadfly the Spriggan Enchanter began the quest for the Orb.
     0 | D:1      | Reached XP level 1. HP: 9/9 MP: 5/5
   143 | D:1      | Reached XP level 2. HP: 11/14 MP: 6/6
   400 | D:1      | Found Cijolihimpu's Armour Boutique.
   609 | D:1      | Learned a level 2 spell: Ensorcelled Hibernation
   651 | D:2      | Reached skill level 1 in Evocations
   908 | D:2      | Reached XP level 3. HP: 17/17 MP: 8/8
  1002 | D:2      | Learned a level 3 spell: Confusing Touch
  1110 | D:2      | Found Esely's Antique Armour Shop.
  1114 | D:2      | Bought a blackened robe for 102 gold pieces
  1114 | D:2      | Identified the +2 robe of Atodot {Int+3} (You bought it in
                  | a shop on level 2 of the Dungeon)
  1365 | D:3      | Reached skill level 1 in Fighting
  1437 | D:3      | Reached XP level 4. HP: 14/22 MP: 2/9
  1441 | D:3      | Learned a level 3 spell: Swiftness
  2011 | D:3      | Found a radiant altar of Vehumet.
  2013 | D:3      | Found a burning altar of Makhleb.
  2015 | D:3      | Found a glowing golden altar of the Shining One.
  2015 | D:3      | Found a sparkling altar of Nemelex Xobeh.
  2016 | D:3      | Found a basalt altar of Yredelemnul.
  2017 | D:3      | Found a bloodstained altar of Trog.
  2078 | D:4      | Noticed Blork the orc
  2086 | D:4      | Reached skill level 5 in Stealth
  2275 | D:3      | Reached XP level 5. HP: 25/25 MP: 11/11
  3015 | D:4      | Noticed Menkaure
  3015 | D:4      | Found a staircase to the Ecumenical Temple.
  3263 | Temple   | Entered the Ecumenical Temple
  3312 | Temple   | Became a worshipper of Gozag Ym Sagoz the Greedy
  3494 | D:3      | Reached XP level 6. HP: 26/30 MP: 9/12
  3693 | D:4      | Killed Blork the orc
  3857 | D:4      | Killed Menkaure
  3858 | D:4      | Reached skill level 6 in Stealth
  3858 | D:4      | Reached XP level 7. HP: 35/35 MP: 10/14
  3901 | D:4      | Found a glowing silver altar of Zin.
  4055 | D:4      | Reached skill level 5 in Hexes
  4274 | D:4      | Found a hide-covered altar of Uskayaw.
  4698 | D:5      | Entered Level 5 of the Dungeon
  4705 | D:5      | Found Tiwnuwul's Jewellery Boutique.
  4729 | D:5      | Noticed Grinder
  4736 | D:5      | Killed Grinder
  4737 | D:5      | Reached skill level 5 in Dodging
  4964 | D:5      | Reached XP level 8. HP: 38/39 MP: 12/16
  5087 | D:5      | Reached skill level 7 in Stealth
  5218 | D:5      | Reached skill level 5 in Spellcasting
  5656 | D:6      | Reached skill level 5 in Evocations
  5766 | D:6      | Identified the +1 orcbow of the Hawk {drain, rPois rC+++
                  | Dex-4 Stlth+}
  5777 | D:6      | You fall into a shaft and drop 2 floors!
  5882 | D:8      | HP: 2/40 [poisoned by a killer bee]
  6088 | D:7      | Reached skill level 5 in Short Blades
  6088 | D:7      | Reached skill level 8 in Stealth
  6187 | D:6      | Found Luehulul's Book Shop.
  6187 | D:6      | Noticed a walking frostbound tome
  6189 | D:6      | Noticed a walking crystal tome
  6196 | D:6      | Reached XP level 9. HP: 44/44 MP: 18/18
  6216 | D:6      | Bought Great Wizards, Vol. VII for 360 gold pieces
  6290 | D:6      | Found a stormy altar of Qazlal.
  6299 | D:6      | Learned a level 5 spell: Yara's Violent Unravelling
  6920 | D:7      | Noticed Jeremiah
  6927 | D:7      | Killed Jeremiah
  7187 | D:7      | Found Xesu's Island Escapes.
  7383 | D:7      | Bought 2 scrolls of fog for 96 gold pieces
  7383 | D:7      | Bought a scroll of blinking for 90 gold pieces
  7806 | D:8      | Reached skill level 9 in Stealth
  8042 | D:8      | Found a shimmering altar of Xom.
  8043 | D:8      | Found a hazy altar of Hepliaklqana.
  8043 | D:8      | Noticed an unseen horror
  8044 | D:8      | Noticed a spectral ugly thing
  8044 | D:8      | Noticed an unseen horror
  8226 | D:8      | Identified a scroll of acquirement
  8227 | D:8      | Acquired the Elucidation of Imprecation
  8234 | D:8      | Learned a level 4 spell: Cause Fear
  8331 | D:9      | Noticed Gastronok
  8357 | D:8      | Reached XP level 10. HP: 13/51 MP: 21/21
  8554 | D:9      | Noticed a cyclops
  8554 | D:9      | Noticed a two-headed ogre
  8565 | D:9      | Identified the +3 ring mail of the Trees {Regen+ Str+4}
  8565 | D:9      | Noticed a meliai
  8710 | D:9      | Killed a meliai
  8714 | D:9      | Killed a cyclops
  8739 | D:9      | Noticed a six-headed hydra
  8769 | D:9      | Killed a six-headed hydra
  8785 | D:9      | Reached skill level 10 in Stealth
  9121 | D:9      | Reached skill level 5 in Fighting
  9532 | D:9      | HP: 3/76 [poisoned by a kobold]
  9532 | D:9      | Slain by a kobold

Illustrated notes

Levels and vault maps discovered:
D:1:      dpeg_arrival_three_same_balls, layout_basic, serial_shops, shop,
          hangedman_glass_teeth
D:2:      layout_rooms, serial_shops, nicolae_shop_pleasant_corner_grove
D:3:      layout_loops_ring, minitemple
D:4:      kb_forest_paths, layout_rooms, zin_scriptorium,
          mainiacjoe_overflow_six_doors_small,
          minmay_temple_entry_statues_fountains, minmay_pentomino_pile,
          uniq_menkaure, uniq_blork_the_orc
D:5:      layout_basic, chequers_serial_rivers_micro_b,
          minmay_shop_enchanted_jewellery, serial_bayou_pond_e, uniq_grinder
D:6:      layout_loops_ring, mainiacjoe_overflow_paths, serial_shops,
          nicolae_shop_mannequins
D:7:      layout_basic, nicolae_island_escapes, uniq_jeremiah
D:8:      layout_basic, regret_index_temple_of_mockery
D:9:      minmay_the_grid_octo_triangle [minmay_the_grid_octo_chip,
          minmay_the_grid_octo_prize_square_snowflake,
          minmay_the_grid_octo_pinwheel], layout_cave_pools,
          chequers_hall_statues_y, uniq_gastronok
Temple:   nicolae_temple_ecumenical_triangle

Skill      XL: |  1  2  3  4  5  6  7  8  9 10 |
---------------+-------------------------------+-----
Dodging        | 3 4 5 6 7 8 |  8.5
Evocations     | 1 2 3 4 5 6 7 |  7.9
Spellcasting   | 3 4 5 6 7 |  7.9
Fighting       | 1 2 3 4 5 |  5.2
Hexes          | 4 5 6 7 8 |  8.3
Short Blades   | 2 3 4 5 6 7 |  7.1
Stealth        | 5 6 8 9 10 | 10.5

Action                     |  1- 3 |  4- 6 |  7- 9 | 10-12 || total
---------------------------+-------+-------+-------+-------++-------
  Melee: Dagger            |   101 |   140 |   120 |    66 ||   427
         Punch             |     2 |     1 |     2 |       ||     5
   Cast: Ensorcelled Hiber |    16 |    51 |    75 |    41 ||   183
         Confusing Touch   |       |     2 |     4 |     5 ||    11
    Use: Scroll            |     6 |     1 |    13 |       ||    20
         Potion            |     1 |     4 |     2 |     4 ||    11
   Stab: Sleeping          |    19 |    30 |    62 |    18 ||   129
         Confused          |       |     3 |     3 |     5 ||    11
 Armour: Robe              |    30 |    56 |    39 |    29 ||   154
         Skin              |       |       |       |     1 ||     1
  Dodge: Dodged            |    73 |   159 |   129 |    76 ||   437
